 Dungeon Crawl Stone Soup version 0.31.0-32-g396128a36d (webtiles) character file.

Game seed: 15162134970398238584

268 H0rd4k the Insei (level 6, -6/41 HPs)
             Began as an Octopode Artificer on Apr 24, 2024.
             Killed by divine providence
             ... invoked by an orc priest
              (14 damage)
             ... on level 5 of the Dungeon.
             The game lasted 00:02:29 (2368 turns).

H0rd4k the Insei (Octopode Artificer)               Turns: 2368, Time: 00:02:30

Health: -6/41      AC:  1    Str: 11    XL:     6   Next: 21%
Magic:  6/6        EV: 13    Int: 21    God:
Gold:   223        SH:  0    Dex: 12    Spells: 5/5 levels left

rFire   . . .        v - +6 dagger of the Growing Gods {elec, rElec Int+5}
rCold   . . .        (no shield)
rNeg    . . .        (helmet restricted)
rPois   .            (no amulet)
rElec   +            (no ring)
rCorr   .            (no ring)
SInv    .            (no ring)
Will    .....        (no ring)
Stlth   +++          (no ring)
HPRegen 0.26/turn    (no ring)
MPRegen 0.10/turn    (no ring)
                     (no ring)

%: no passive effects
@: no status effects
A: almost no armour, amphibious, 8 rings, camouflage 1, gelatinous body 1,
(nimble swimmer 1), tentacles
a: no special abilities


You were on level 5 of the Dungeon.
You visited 2 branches of the dungeon, and saw 7 of its levels.

You collected 223 gold pieces.

Inventory:

Hand Weapons
 v - the +6 dagger of the Growing Gods (weapon) {elec, rElec Int+5}
   (You found it on level 6 of the Dungeon)

   Int+5:     It affects your intelligence (+5).
   rElec:     It insulates you from electricity.
Missiles
 s - 3 darts of dispersal
Magical Staves
 k - a staff of death
Jewellery
 i - a +6 ring of strength
 l - a ring of ice
Wands
 b - a wand of flame (14) (quivered)
 c - a wand of charming (10)
 d - a wand of iceblast (4)
 q - a wand of polymorph (6)
Scrolls
 a - 4 scrolls of teleportation {unknown}
 e - a scroll of amnesia {unknown}
 j - a scroll of enchant armour {unknown}
 m - a scroll of identify {unknown}
 n - a scroll of acquirement {unknown}
 o - a scroll of blinking {unknown}
 p - a scroll of vulnerability {unknown}
 r - a scroll of fog {unknown}
 x - a scroll of fear {unknown}
 y - a scroll of noise {unknown}
Potions
 g - a potion of cancellation
 h - 3 potions of curing {unknown}
 t - a potion of enlightenment {unknown}
 u - a potion of might {unknown}
 w - a potion of magic {unknown}


   Skills:
 + Level 2.6 Fighting
 - Level 2.3 Dodging
 - Level 1.3 Stealth
 + Level 5.3 Unarmed Combat
 - Level 3.2 Evocations


You had 5 spell levels left.
You didn't know any spells.
Your spell library contained the following spells:

 Spells                   Type           Power      Damage    Failure   Level
 Summon Small Mammal      Summ           0%         N/A       19%         1
 Call Canine Familiar     Summ           0%         N/A       47%         3
 Summon Blazeheart Golem  Fire/Summ      0%         N/A       87%         4


Dungeon Overview and Level Annotations

Branches:
Dungeon (6/15)             Temple (1/1) D:4

Altars:
Ashenzari
Cheibriados
Hepliaklqana
Kikubaaqudgha
Makhleb
Nemelex Xobeh
Qazlal
Ru
Sif Muna
Uskayaw
Vehumet
Wu Jian
Xom
Zin
The Shining One

Annotations:
D:3 1 runed translucent door, Crazy Yiuf


Innate Abilities, Weirdness & Mutations

You cannot wear most types of armour.
You are amphibious.
You can wear up to eight rings at the same time.
Your skin changes colour to match your surroundings (Stealth+).
Your rubbery body absorbs attacks. (AC +1, EV +1)
((You are camouflaged when in or above water. (Stealth+)))
You have tentacles for arms and can constrict up to eight enemies at once.


Message History

You miss something. Your squeeze misses something. Something hits you.
You hear some strange, mumbled words.
A puff of flame appears from out of thin air!
The puff of flame hits you.
You bump into the rock wall.
The orc priest looks encouraged for a moment.
You closely miss something. Your squeeze misses something. Something hits you.
The orc priest looks braver for a moment.
You bump into the rock wall.
You feel less confused.
You hit the orc but do no damage. Your grab misses the orc.
You tentacle-slap the orc. Your squeeze misses the orc.
The orc is moderately wounded.
You barely miss the orc. You grab the orc.
You squeeze the orc, but do no damage.
The orc is moderately wounded.
You constrict the orc, but do no damage.
The orc closely misses you.
You hit the orc but do no damage.
The orc is moderately wounded.
You constrict the orc, but do no damage.
The orc hits you but does no damage.
The orc priest mumbles some strange prayers to Beogh against you.
Beogh smites you!
The orc priest calls down the wrath of Beogh upon you.
Beogh smites you!
* * * LOW HITPOINT WARNING * * *
Unknown command.
You feel much better.
You constrict the orc. The orc misses you.
You hit the orc but do no damage.
The orc is heavily wounded.
You constrict the orc. The orc hits you with a +0 dagger.
The orc priest calls down the wrath of Beogh upon you.
Beogh smites you!
* * * LOW HITPOINT WARNING * * *
You hit the orc.
You kill the orc!
The orc priest invokes the aid of Beogh against you.
Beogh smites you!
You die... ##...##.#.###.#.#### .....#..## ##...... .....#.#.###.#.#### ... #.##.#.##.#### oo.

#.###.###.#... #o#
#..........### #.#
#####.###.#..~ #)#
#####.##.#..~. # #@#
#(......#...~. ##. #$#
#.###.#..#..~.
###...#.###.###.#...#..~
.....................###
###...#####.#####...#..
##.. #.#####...# # ##
#.......#.# #######....


You could see 2 orc priests and an orc.

Vanquished Creatures
  A gnoll sergeant (D:5)
  A howler monkey (D:4)
  3 gnolls
  3 adders
  2 dart slugs
  2 orcs (D:5)
  5 ball pythons
  3 bats
  6 endoplasms
  A giant cockroach (D:1)
  2 hobgoblins
  8 jackals
  5 kobolds
  2 quokkas
  3 frilled lizards
  A goblin (D:1)
  4 rats
52 creatures vanquished.

Vanquished Creatures (collateral kills)
  An adder (D:4)
  4 gnolls (D:5)
5 creatures vanquished.

Vanquished Creatures (others)
  A scorpion (D:4)
  2 gnolls
3 creatures vanquished.

Grand Total: 60 creatures vanquished

Notes
Turn   | Place    | Note
-------+----------+-------------------------------------------
     0 | D:1      | H0rd4k the Octopode Artificer began the quest for the Orb.
     0 | D:1      | Reached XP level 1. HP: 13/13 MP: 1/1
    99 | D:1      | Reached skill level 1 in Unarmed Combat
   205 | D:1      | Reached XP level 2. HP: 15/18 MP: 2/2
   297 | D:1      | Found a faded altar of an unknown god.
   557 | D:2      | Reached skill level 2 in Unarmed Combat
   557 | D:2      | Reached XP level 3. HP: 20/23 MP: 3/3
   756 | D:2      | Reached skill level 3 in Unarmed Combat
   836 | D:2      | Reached XP level 4. HP: 13/29 MP: 4/4
  1161 | D:3      | Found a runed translucent door.
  1162 | D:3      | Noticed Crazy Yiuf
  1443 | D:4      | Found a staircase to the Ecumenical Temple.
  1452 | D:4      | Noticed a scorpion
  1454 | Temple   | Entered the Ecumenical Temple
  1475 | D:4      | Reached skill level 4 in Unarmed Combat
  1475 | D:4      | Reached XP level 5. HP: 9/34 MP: 5/5
  1729 | D:4      | You fall into a shaft and drop 2 floors!
  1772 | D:6      | Identified the +6 dagger of the Growing Gods {elec, rElec
                  | Int+5}
  1780 | D:5      | Entered Level 5 of the Dungeon
  2018 | D:5      | Reached skill level 5 in Unarmed Combat
  2018 | D:5      | Reached XP level 6. HP: 34/41 MP: 6/6
  2313 | D:5      | Found a sacrificial altar of Ru.
  2365 | D:5      | HP: 2/41 [orc priest/divine providence (16)]
  2368 | D:5      | Killed from afar by an orc priest

Illustrated notes

Levels and vault maps discovered:
D:1:      dpeg_arrival_refuge, layout_rooms,
          hellmonk_ecumenical_altar_leap_of_faith, st_stairs_2,
          minmay_misc_feat_encased, hex_medium, minivault_24, minmay_cupped
D:2:      layout_rooms, roderic_roman_lattice,
          wander_ebering_terrifying_dragon_lair
D:3:      layout_loops_ring, glass_columns_b, hangedman_decor_riveting,
          nicolae_elevator_lobby_asterisk, uniq_grinder, uniq_jessica,
          uniq_crazy_yiuf_cottage
D:4:      layout_cave_pools, mainiacjoe_overflow_surrounded_room,
          minmay_temple_entry_junction_2, serial_column_ruins,
          column_ruins_columns_straight, column_ruins_columns_straight,
          column_ruins_columns_T, column_ruins_open_large, uniq_sigmund,
          uniq_edmund
D:5:      layout_loops_corners, nicolae_ru_awakened_eye
D:6:      layout_cave_pools, nicolae_overflow_crystal_walls,
          nicolae_yredelemnul_ghost_church, uniq_maggie
Temple:   jpeg_temple_clearing

Skill      XL: |  1  2  3  4  5 |
---------------+----------------+-----
Unarmed Combat | 1 2 3 4 5 |  5.3
Fighting       | 2 |  2.6
Dodging        | |  2.3
Stealth        | |  1.3
Evocations     | |  3.2

Action                     |  1- 3 |  4- 6 || total
---------------------------+-------+-------++-------
  Melee: Unarmed           |    51 |    68 ||   119
         Constrict         |    15 |    19 ||    34
         Tentacles         |     6 |    15 ||    21
         Punch             |     1 |     4 ||     5
         Dagger            |       |    17 ||    17
  Evoke: Wand              |     3 |     4 ||     7
    Use: Potion            |       |     3 ||     3
   Stab: Sleeping          |     3 |     4 ||     7
 Armour: Skin              |    20 |    46 ||    66
  Dodge: Dodged            |    31 |    66 ||    97
